SNL (28 & UNDER)
GAINESVILLE GUIDOS @ MONTGOMERY BISCUITS
08/28/2030
 
TOP OF THE 1ST
Gainesville Guidos batting - Pitching for Montgomery Biscuits : RHP Cody Nichols
Pitching: RHP Cody Nichols
Batting: RHB León Reynoso 0-0: Ball
1-0: Called Strike
1-1: Called Strike
1-2: Ball
2-2: Ball
3-2: Fly out, F8 (Flyball, 8RD)
Batting: RHB Ricardo Medina 0-0: Swinging Strike
0-1: Ground out 6-3 (Groundball, 6)
Batting: RHB César Castillo 0-0: Ball
1-0: Swinging Strike
1-1: Swinging Strike
1-2: Ball
2-2: Strikes out swinging
Top of the 1st over - 0 runs, 0 hits, 0 errors, 0 left on base; Gainesville 0 - Montgomery 0
BOTTOM OF THE 1ST
Montgomery Biscuits batting - Pitching for Gainesville Guidos : RHP Glenn Ellison
Pitching: RHP Glenn Ellison
Batting: RHB Dave Sawyer 0-0: Ball
1-0: Foul Ball, location: 2F
1-1: Foul Ball, location: 2F
1-2: SINGLE (Flyball, 9LS)
Batting: LHB Gilbert Stegall 0-0: Ball
1-0: Ball
2-0: Called Strike
2-1: Foul Ball, location: 2F
2-2: Ball
3-2: Foul Ball, location: 2F
3-2: Fly out, F7 (Flyball, 78D)
Batting: LHB Francisco Romo 0-0: Ball
1-0: Ball
2-0: Ball
3-0: Base on Balls
Dave Sawyer to second
Batting: RHB Marvin Kidd 0-0: Ball
1-0: Swinging Strike
1-1: Ball
2-1: Foul Ball, location: 2F
2-2: Fly out, F9 (Line Drive, 9)
Batting: RHB Dave McGuire 0-0: Foul Ball, location: 2F
0-1: Fly out, F9 (Flyball, 9S)
Bottom of the 1st over - 0 runs, 1 hit, 0 errors, 2 left on base; Gainesville 0 - Montgomery 0
TOP OF THE 2ND
Gainesville Guidos batting - Pitching for Montgomery Biscuits : RHP Cody Nichols
Batting: SHB Kent Phillips 0-0: Called Strike
0-1: Ball
1-1: Called Strike
1-2: SINGLE (Line Drive, 89S)
Batting: RHB Adrián López 0-0: Fly out, F5 (Line Drive, 56)
Batting: SHB José Sousa 0-0: Ball
1-0: Called Strike
1-1: Ball
2-1: Called Strike
2-2: Strikes out swinging
Batting: RHB James Morris 0-0: Swinging Strike
0-1: Foul Ball, location: 2F
0-2: Ball
1-2: Ball
2-2: Strikes out swinging
Top of the 2nd over - 0 runs, 1 hit, 0 errors, 1 left on base; Gainesville 0 - Montgomery 0
BOTTOM OF THE 2ND
Montgomery Biscuits batting - Pitching for Gainesville Guidos : RHP Glenn Ellison
Batting: LHB José Castillo 0-0: Ball
1-0: SINGLE (Flyball, 7LS)
Batting: SHB Lawrence Farley 0-0: Ball
1-0: Foul Ball, location: 2F
1-1: Ball
2-1: Ball
3-1: Ground out 4-3 (Groundball, 34)
José Castillo to second
Batting: RHB Roy Powell 0-0: Ball
1-0: Called Strike
1-1: Called Strike
1-2: Strikes out swinging
Batting: RHB Greg Williams 0-0: Ball
1-0: Ground out 4-3 (Groundball, 4MS)
Bottom of the 2nd over - 0 runs, 1 hit, 0 errors, 1 left on base; Gainesville 0 - Montgomery 0
TOP OF THE 3RD
Gainesville Guidos batting - Pitching for Montgomery Biscuits : RHP Cody Nichols
Batting: RHB Dave Marshall 0-0: Called Strike
0-1: Ball
1-1: Ground out 1-3 (Groundball, 15)
Batting: LHB Robbie Turner 0-0: Ball
1-0: Fly out, F8 (Line Drive, 8LS)
Batting: RHB León Reynoso 0-0: Called Strike
0-1: Foul Ball, location: 2F
0-2: Ball
1-2: Ball
2-2: Foul Ball, location: 2F
2-2: Strikes out looking
Top of the 3rd over - 0 runs, 0 hits, 0 errors, 0 left on base; Gainesville 0 - Montgomery 0
BOTTOM OF THE 3RD
Montgomery Biscuits batting - Pitching for Gainesville Guidos : RHP Glenn Ellison
Batting: RHB Dave Sawyer 0-0: Called Strike
0-1: Ball
1-1: Foul Ball, location: 2F
1-2: Foul Ball, location: 2F
1-2: Ground out 5-3 (Groundball, 5)
Batting: LHB Gilbert Stegall 0-0: Ball
1-0: Ball
2-0: SINGLE (Line Drive, 9LS)
Batting: LHB Francisco Romo 0-0: Called Strike
Gilbert Stegall steals 2nd base
0-1: Ball
1-1: Swinging Strike
1-2: SINGLE (Line Drive, 7LS)
Gilbert Stegall to third
Batting: RHB Marvin Kidd 0-0: Ball
1-0: Ball
2-0: Swinging Strike
2-1: Fly out, F7 (Flyball, 78D)
Runner from 3rd tags up, SCORES, throw made
Batting: RHB Dave McGuire 0-0: Ball
1-0: Foul Ball, location: 2F
1-1: SINGLE (Flyball, 7S)
Francisco Romo to second
Batting: LHB José Castillo 0-0: Fly out, F9 (Flyball, 9LS)
Bottom of the 3rd over - 1 run, 3 hits, 0 errors, 2 left on base; Gainesville 0 - Montgomery 1
TOP OF THE 4TH
Gainesville Guidos batting - Pitching for Montgomery Biscuits : RHP Cody Nichols
Batting: RHB Ricardo Medina 0-0: Bunted foul
0-1: Hit by Pitch
Batting: RHB César Castillo 0-0: Called Strike
Ricardo Medina steals 2nd base
0-1: Foul Ball, location: 2F
0-2: Ball
1-2: Ball
2-2: Foul Ball, location: 2F
2-2: Ball
3-2: Ground out 6-3 (Groundball, 6)
Ricardo Medina to third
Batting: SHB Kent Phillips 0-0: Called Strike
0-1: Swinging Strike
0-2: Strikes out swinging
Batting: RHB Adrián López 0-0: Ball
Wild Pitch!
Ricardo Medina scores
1-0: Called Strike
1-1: Ball
2-1: Ball
3-1: DOUBLE (Groundball, 5L)
Batting: SHB José Sousa 0-0: Intentional Walk
Batting: RHB James Morris 0-0: Called Strike
0-1: Foul Ball, location: 2F
0-2: Fly out, F7 (Flyball, 78D)
Top of the 4th over - 1 run, 1 hit, 0 errors, 2 left on base; Gainesville 1 - Montgomery 1
BOTTOM OF THE 4TH
Montgomery Biscuits batting - Pitching for Gainesville Guidos : RHP Glenn Ellison
Batting: SHB Lawrence Farley 0-0: Ball
1-0: Called Strike
1-1: Ball
2-1: Swinging Strike
2-2: Foul Ball, location: 2F
2-2: Foul Ball, location: 2F
2-2: Foul Ball, location: 2F
2-2: Foul Ball, location: 2F
2-2: Foul Ball, location: 2F
2-2: Foul Ball, location: 2F
2-2: Fly out, F7 (Flyball, 78M)
Batting: RHB Roy Powell 0-0: Swinging Strike
0-1: Ball
1-1: Ball
2-1: Called Strike
2-2: Strikes out looking
Batting: RHB Greg Williams 0-0: Swinging Strike
0-1: Foul Ball, location: 2F
0-2: Foul Ball, location: 2F
0-2: Strikes out swinging
Bottom of the 4th over - 0 runs, 0 hits, 0 errors, 0 left on base; Gainesville 1 - Montgomery 1
TOP OF THE 5TH
Gainesville Guidos batting - Pitching for Montgomery Biscuits : RHP Cody Nichols
Batting: RHB Dave Marshall 0-0: Swinging Strike
0-1: Ball
1-1: Swinging Strike
1-2: Ball
2-2: Foul Ball, location: 2F
2-2: Foul Ball, location: 2F
2-2: Strikes out swinging
Batting: LHB Robbie Turner 0-0: Ground out 6-3 (Groundball, 6S)
Batting: RHB León Reynoso 0-0: Called Strike
0-1: SOLO HOME RUN (Line Drive, 7D), Distance : 373 ft
Batting: RHB Ricardo Medina 0-0: DOUBLE (Line Drive, 5D)
Batting: RHB César Castillo 0-0: SINGLE (Line Drive, 4M)
Ricardo Medina to third
Runner from 3rd tries for Home, SAFE, no throw
Batting: SHB Kent Phillips 0-0: Called Strike
César Castillo steals 2nd base
0-1: Ball
1-1: SINGLE (Groundball, 4MD)
César Castillo to third
Runner from 3rd tries for Home, SAFE, no throw
Pitching: RHP Ron Simmons
Batting: RHB Adrián López 0-0: Fly out, F7 (Flyball, 7S)
Top of the 5th over - 3 runs, 4 hits, 0 errors, 1 left on base; Gainesville 4 - Montgomery 1
BOTTOM OF THE 5TH
Montgomery Biscuits batting - Pitching for Gainesville Guidos : RHP Glenn Ellison
Batting: RHB Dave Sawyer 0-0: Ball
1-0: Ball
2-0: Ground out 5-3 (Groundball, 56)
Batting: LHB Gilbert Stegall 0-0: SINGLE (Flyball, 89S)
Batting: LHB Francisco Romo 0-0: Ball
1-0: Ball
2-0: Called Strike
2-1: Called Strike
2-2: Foul Ball, location: 2F
2-2: Ball
3-2: Ground out 4-3 (Groundball, 34)
Gilbert Stegall to second
Batting: RHB Marvin Kidd 0-0: Called Strike
0-1: Swinging Strike
0-2: Ball
1-2: Strikes out swinging
Bottom of the 5th over - 0 runs, 1 hit, 0 errors, 1 left on base; Gainesville 4 - Montgomery 1
TOP OF THE 6TH
Gainesville Guidos batting - Pitching for Montgomery Biscuits : RHP Ron Simmons
Batting: SHB José Sousa 0-0: Called Strike
0-1: Ball
1-1: Ball
2-1: Ball
3-1: Fly out, F8 (Flyball, 8RS)
Batting: RHB James Morris 0-0: Ball
1-0: Called Strike
1-1: Ground out 2-3 (Groundball, 2L)
Batting: RHB Dave Marshall 0-0: Ground out 5-3 (Groundball, 5S)
Top of the 6th over - 0 runs, 0 hits, 0 errors, 0 left on base; Gainesville 4 - Montgomery 1
BOTTOM OF THE 6TH
Montgomery Biscuits batting - Pitching for Gainesville Guidos : RHP Glenn Ellison
Batting: RHB Dave McGuire 0-0: Ball
1-0: Called Strike
1-1: Fly out, F4 (Flyball, 34D)
Batting: LHB José Castillo 0-0: Fly out, F8 (Flyball, 8RXD)
Batting: SHB Lawrence Farley 0-0: Ball
1-0: Called Strike
1-1: SINGLE (Line Drive, 8LS)
Batting: RHB Roy Powell 0-0: Ball
1-0: Ball
2-0: Called Strike
2-1: Called Strike
2-2: Strikes out swinging
Bottom of the 6th over - 0 runs, 1 hit, 0 errors, 1 left on base; Gainesville 4 - Montgomery 1
TOP OF THE 7TH
Gainesville Guidos batting - Pitching for Montgomery Biscuits : RHP Ron Simmons
Batting: LHB Robbie Turner 0-0: SINGLE (Groundball, 34D)
Batting: RHB León Reynoso 0-0: Ball
1-0: Ball
2-0: Called Strike
2-1: Ball
3-1: SINGLE (Line Drive, 34D)
Robbie Turner to second
Runner from 2nd tries for 3rd, SAFE, no throw
Batting: RHB Ricardo Medina 0-0: Ball
1-0: Swinging Strike
1-1: Ball
León Reynoso steals 2nd base
2-1: Fly out, F8 (Flyball, 8LS)
Batting: RHB César Castillo 0-0: Called Strike
0-1: Ball
1-1: SINGLE (Groundball, 56) (infield hit)
Robbie Turner scores
León Reynoso to third
Batting: SHB Kent Phillips 0-0: Called Strike
0-1: Foul Ball, location: 2F
0-2: Ball
1-2: Strikes out looking
Batting: RHB Adrián López 0-0: Ball
1-0: Foul Ball, location: 2F
1-1: Ball
2-1: Fly out, F7 (Flyball, 78S)
Top of the 7th over - 1 run, 3 hits, 0 errors, 2 left on base; Gainesville 5 - Montgomery 1
BOTTOM OF THE 7TH
Montgomery Biscuits batting - Pitching for Gainesville Guidos : RHP Glenn Ellison
Pitching: RHP Ken Edwards
Batting: RHB Greg Williams 0-0: Ball
1-0: Ball
2-0: Fly out, F8 (Flyball, 89D)
Batting: RHB Dave Sawyer 0-0: Ball
1-0: Called Strike
1-1: SINGLE (Groundball, 6D)
Batting: LHB Gilbert Stegall 0-0: Ball
1-0: Called Strike
1-1: Ball
2-1: DOUBLE (Line Drive, 78D)
Dave Sawyer to third
Pitching: LHP Anthony Robinson
Batting: LHB Francisco Romo 0-0: Ball
1-0: Swinging Strike
1-1: Called Strike
1-2: Ball
2-2: Ball
3-2: Foul Ball, location: 2F
3-2: Base on Balls
Pitching: RHP Mario Tovar
Batting: RHB Marvin Kidd 0-0: Called Strike
0-1: Hit by Pitch
Dave Sawyer scores
Gilbert Stegall to third
Francisco Romo to second
Pinch Hitting: LHB Ron Young 0-0: Ball
1-0: Foul Ball, location: 2F
1-1: Fly out, F8 (Flyball, 8LS)
Runner from 3rd tags up, OUT at HOME
Bottom of the 7th over - 1 run, 2 hits, 0 errors, 2 left on base; Gainesville 5 - Montgomery 2
TOP OF THE 8TH
Gainesville Guidos batting - Pitching for Montgomery Biscuits : RHP Ron Simmons
Now at 1B: Marvin López
Batting: SHB José Sousa 0-0: Foul Ball, location: 2F
0-1: Ball
1-1: Ground out 6-3 (Groundball, 4MS)
Batting: RHB James Morris 0-0: Ball
1-0: Ball
2-0: Fly out, F7 (Flyball, 7)
Batting: RHB Dave Marshall 0-0: Called Strike
0-1: Ball
1-1: Foul Ball, location: 2F
1-2: Strikes out swinging
Top of the 8th over - 0 runs, 0 hits, 0 errors, 0 left on base; Gainesville 5 - Montgomery 2
BOTTOM OF THE 8TH
Montgomery Biscuits batting - Pitching for Gainesville Guidos : RHP Mario Tovar
Batting: LHB José Castillo 0-0: Reached via error on a dropped throw, E1
Batting: SHB Lawrence Farley 0-0: Ball
1-0: Called Strike
1-1: Ball
2-1: Ball
3-1: Base on Balls
José Castillo to second
Batting: RHB Roy Powell 0-0: Foul Ball, location: 2F
0-1: Fly out, F6 (Line Drive, 6)
Batting: RHB Greg Williams 0-0: Ball
1-0: Ball
2-0: Called Strike
2-1: Ball
3-1: Base on Balls
José Castillo to third
Lawrence Farley to second
Batting: RHB Dave Sawyer 0-0: Called Strike
0-1: Called Strike
0-2: Ball
1-2: Ball
2-2: Strikes out looking
Batting: LHB Gilbert Stegall 0-0: SINGLE (Groundball, 34D)
José Castillo scores
Lawrence Farley to third
Greg Williams to second
Runner from 3rd tries for Home, SAFE, no throw
Batting: LHB Francisco Romo 0-0: Swinging Strike
0-1: Swinging Strike
0-2: Ball
1-2: Foul Ball, location: 2F
1-2: Strikes out swinging
Bottom of the 8th over - 2 runs, 1 hit, 1 error, 2 left on base; Gainesville 5 - Montgomery 4
TOP OF THE 9TH
Gainesville Guidos batting - Pitching for Montgomery Biscuits : RHP Ron Simmons
Pitching: LHP Mike Waller
Batting: LHB Robbie Turner 0-0: Called Strike
0-1: Foul Ball, location: 2F
0-2: Ball
1-2: Strikes out swinging
Batting: RHB León Reynoso 0-0: Swinging Strike
0-1: Foul Ball, location: 2F
0-2: Ball
1-2: Strikes out swinging
Batting: RHB Ricardo Medina 0-0: Ball
1-0: Ball
2-0: Called Strike
2-1: Fly out, F8 (Line Drive, 78M)
Top of the 9th over - 0 runs, 0 hits, 0 errors, 0 left on base; Gainesville 5 - Montgomery 4
BOTTOM OF THE 9TH
Montgomery Biscuits batting - Pitching for Gainesville Guidos : RHP Mario Tovar
Pitching: RHP Juan Arreola
Batting: RHB Marvin Kidd 0-0: Ball
1-0: Foul Ball, location: 2F
1-1: Fly out, F7 (Flyball, 7S)
Batting: SHB Marvin López 0-0: Swinging Strike
0-1: Swinging Strike
0-2: Strikes out looking
Batting: LHB José Castillo 0-0: Swinging Strike
0-1: SINGLE (Flyball, 7LS)
Batting: SHB Lawrence Farley 0-0: Called Strike
0-1: Called Strike
0-2: Foul Ball, location: 2F
0-2: Ball
1-2: Foul Ball, location: 2F
1-2: Foul Ball, location: 2F
1-2: Ball
2-2: Ball
3-2: Strikes out swinging
Bottom of the 9th over - 0 runs, 1 hit, 0 errors, 1 left on base; Gainesville 5 - Montgomery 4
Saturday, April 7th, 2018 - OOTP Baseball 18.8 Build 76